Map: World of Sleepers LE

Players

Ratl - Winner!

  • Race: Protoss Protoss
  • League: Silver
  • Spawn Location: 1:00

Bessaalh

  • Race: Zerg Zerg
  • League: Silver
  • Spawn Location: 7:00

VOD

Have the link to the VOD?

Description

Time

  • Played on: Jan. 14, 2020, 3:26 p.m.
  • Length: 16:12
Show
View Real Time Build Order
Export as new Build Order

Ratl Protoss - Winner!

Build Orders:  

Get SALT Encoding   

  12  0:01  Probe  
  13  0:13  Probe  
  14  0:21  Pylon  
  14  0:25  Probe  
  15  0:39  Probe  
  15  0:42  Gateway  
  16  0:52  Probe  
  17  1:01  Gateway  
  17  1:04  Probe (Chrono Boost)  
  18  1:05  Assimilator  
  18  1:15  Probe (Chrono Boost)  
  19  1:20  Probe (Chrono Boost), Assimilator  
  20  1:27  Pylon  
  20  1:30  Probe  
  21  1:42  Probe  
  21  1:43  Cybernetics Core  
  22  1:54  Probe  
  23  2:06  Probe  
  23  2:07  Pylon  
  24  2:18  Probe  
  24  2:21  Stalker  
  24  2:22  Warp Gate (Chrono Boost)  
  29  2:24  Zealot  
  29  2:33  Probe  
  30  2:47  Nexus  
  30  2:51  Stalker  
  32  3:08  Probe  
  33  3:20  Probe  
  34  3:32  Probe  
  33  3:45  Probe  
  34  3:58  Probe (Chrono Boost)  
  35  4:05  Stargate, Robotics Facility  
  35  4:07  Probe (Chrono Boost)  
  37  4:15  Probe (Chrono Boost)  
  38  4:17  Probe (Chrono Boost)  
  38  4:22  Probe x2 (Chrono Boost)  
  40  4:30  Stalker  
  42  4:31  Zealot  
  42  4:33  Probe x2  
  42  4:36  Assimilator  
  46  4:45  Probe x2  
  46  4:51  Fleet Beacon  
  52  5:02  Probe (Chrono Boost)  
  52  5:03  Probe (Chrono Boost)  
  54  5:08  Assimilator  
  54  5:18  Probe (Chrono Boost)  
  54  5:20  Probe (Chrono Boost)  
  52  5:28  Probe  
  52  5:29  Probe  
  52  5:30  Pylon  
  54  5:37  Pylon x2  
  54  5:47  Oracle (Chrono Boost)  
  54  5:48  Probe x2  
  54  5:49  Stalker  
  61  5:52  Pylon  
  61  5:53  Protoss Air Weapons Level 1  
  61  6:00  Probe  
  62  6:05  Probe  
  62  6:08  Immortal  
  67  6:14  Oracle (Chrono Boost)  
  70  6:20  Unknown  
  70  6:29  Gateway  
  70  6:31  Gateway  
  70  6:34  Pylon  
  70  6:36  Stargate  
  70  6:37  Probe x2  
  72  6:40  Stargate  
  72  6:49  Probe  
  72  6:52  Probe  
  74  6:54  Oracle  
  74  6:57  Warp Prism  
  79  7:01  Probe  
  80  7:10  Probe  
  80  7:13  Probe  
  82  7:26  Probe x2  
  84  7:35  Nexus  
  84  7:36  Stalker x2  
  84  7:37  Stalker x2  
  86  7:42  Pylon  
  62  8:00  Immortal  
  62  8:03  Void Ray (Chrono Boost)  
  61  8:06  Stalker x2  
  58  8:26  Stalker  
  58  8:27  Stalker  
  62  8:30  Stalker x2  
  54  8:57  Stalker x2  
  54  9:02  Stalker x2  
  54  9:12  Probe (Chrono Boost)  
  54  9:22  Probe (Chrono Boost)  
  54  9:23  Probe (Chrono Boost)  
  56  9:27  Probe (Chrono Boost)  
  58  9:32  Probe (Chrono Boost)  
  58  9:38  Probe (Chrono Boost)  
  58  9:42  Pylon  
  58  9:43  Pylon  
  58  9:45  Probe (Chrono Boost)  
  61  9:49  Probe x2 (Chrono Boost), Pylon  
  61  9:52  Pylon  
  63  9:53  Probe (Chrono Boost), Assimilator  
  63  9:57  Probe x2 (Chrono Boost), Assimilator  
  66  10:00  Probe (Chrono Boost)  
  66  10:07  Probe (Chrono Boost)  
  68  10:09  Probe (Chrono Boost)  
  68  10:12  Probe (Chrono Boost), Stalker  
  68  10:13  Probe (Chrono Boost), Stalker x3  
  79  10:26  Probe (Chrono Boost)  
  79  10:30  Probe (Chrono Boost)  
  79  10:31  Probe (Chrono Boost)  
  82  10:38  Probe (Chrono Boost)  
  82  10:40  Probe (Chrono Boost), Stalker  
  82  10:41  Probe (Chrono Boost), Stalker x2  
  90  10:42  Zealot  
  90  10:46  Probe x3 (Chrono Boost)  
  95  10:56  Probe x2  
  95  10:57  Probe  
  98  11:02  Assimilator  
  98  11:05  Assimilator  
  98  11:17  Probe x2  
  100  11:41  Pylon, Void Ray x2  
  108  11:47  Pylon  
  108  11:55  Pylon  
  108  11:58  Void Ray  
  108  11:59  Pylon  
  108  12:00  Pylon x3  
  112  12:14  Zealot  
  112  12:15  Zealot x3  
  120  12:24  Void Ray  
  120  12:25  Oracle  
  120  12:27  Immortal  
  131  12:41  Void Ray  
  135  12:47  Pylon x2  
  135  12:48  Pylon, Assimilator  
  135  12:50  Pylon  
  135  12:54  Pylon  
  135  12:57  Nexus  
  135  13:00  Pylon  
  135  13:04  Void Ray  
  139  13:06  Immortal, Void Ray  
  133  13:22  Probe (Chrono Boost)  
  133  13:32  Probe (Chrono Boost)  
  130  13:35  Void Ray  
  130  13:37  Probe (Chrono Boost)  
  135  13:46  Void Ray  
  139  13:48  Probe  
  140  14:00  Probe  
  141  14:07  Oracle  
  141  14:09  Immortal  
  148  14:13  Stalker  
  148  14:14  Stalker  
  152  14:17  Void Ray  
  156  14:28  Stalker x2  
  156  14:29  Void Ray  
  164  14:40  Gateway  
  164  14:42  Gateway  
  164  14:43  Gateway  
  164  14:45  Gateway  
  164  14:48  Pylon, Immortal  
  164  14:51  Gateway x2  
  163  14:54  Pylon  
  147  15:06  Probe (Chrono Boost)  
  148  15:19  Probe (Chrono Boost)  
  149  15:24  Probe (Chrono Boost)  
  144  15:33  Probe  
  152  15:45  Probe  
  153  15:57  Stalker  
  153  15:58  Stalker x4  
  161  16:05  Stalker  
Show
View Real Time Build Order
Export as new Build Order

Bessaalh Zerg 

Build Orders: Pool First 

Get SALT Encoding   

  12  0:02  Drone  
  13  0:09  Drone  
  14  0:17  Overlord  
  14  0:32  Extractor  
  13  0:40  Spawning Pool  
  13  0:41  Drone  
  13  1:03  Drone x3  
  16  1:19  Drone  
  17  1:44  Hatchery  
  16  1:48  Drone x2  
  16  1:50  Metabolic Boost  
  18  1:57  Queen  
  20  2:17  Overlord  
  20  2:19  Drone  
  20  2:20  Drone  
  22  2:50  Hatchery  
  21  2:57  Drone  
  24  3:08  Zergling x12  
  27  3:37  Drone  
  28  4:06  Queen  
  28  4:07  Drone  
  30  4:26  Lair  
  30  4:32  Drone x2  
  32  4:46  Roach Warren  
  32  4:52  Drone x2  
  33  5:00  Extractor  
  33  5:03  Extractor  
  33  5:05  Queen  
  33  5:32  Nydus Network  
  33  5:34  Drone x2  
  34  5:40  Overlord  
  34  5:41  Overlord  
  34  5:42  Overlord x2  
  34  5:52  Overseer  
  34  6:12  Roach x8  
  34  6:13  Roach x4  
  58  6:46  Drone x2  
  58  6:47  Drone x4  
  62  6:53  Ravager x3  
  67  7:11  Overlord x2  
  67  7:16  Nydus Canal  
  42  8:15  Drone x3  
  42  8:16  Drone x8  
  19  9:17  Spore Crawler  
  19  9:22  Spore Crawler  
  19  9:23  Queen  
  19  9:47  Roach x2  
  19  9:48  Roach  
  25  9:59  Queen  
  27  10:15  Overlord x3  
  27  10:16  Overlord  
  27  10:21  Extractor  
  26  10:30  Drone x3  
  26  10:31  Drone x3  
  32  10:36  Drone x4  
  36  11:13  Zergling x2, Roach x2  
  41  11:41  Drone x2  
  41  11:42  Drone x4  
  41  11:43  Overseer  
  47  11:55  Hatchery  
  46  12:28  Zergling x4  
  46  12:29  Zergling x14  
  46  13:40  Spire  
  45  13:48  Zergling x8  
  46  13:49  Zergling x8  
  53  14:18  Roach  
  53  14:19  Roach x7  
  53  14:20  Roach x3  
  67  15:12  Corruptor x5  
  67  15:13  Corruptor x3  
  82  15:50  Roach  
  82  15:51  Roach x5  
Tags
 
Add a new tag
Caveats
  • Supply blocks, unpowered buildings, or Contaminate may cause inaccurate times.
  • Supply counts are checked every 10 seconds.